AoeStats
← sebastianbel43

Arabia

507971758Analyzed
1v1 RM · 12d ago on Sep 20, 2026· 43m 38s· 2 players
Game mode
Random Map
Map size
Tiny (2 player)
Population
200
Speed
Normal
Resources
Standard
Victory
Conquest
Starting age
Dark Age
Ending age
Imperial Age
RankedLock teamsTeams togetherTeam positionsShared explorationLock speedFull tech treeHidden civsTurbo modeCheats
Victory
Defeat
🇫🇷 Franks · France
801
+13
🇨🇴 Khmer · Colombia
739
-13
sebastianbel43
4:02 Loom
10:18 Feudal Age
11:22 Double-Bit Axe
11:39 Gold Mining
15:30 Horse Collar
16:15 Fletching
16:25 Padded Archer Armor
18:14 Padded Archer Armor
18:37 Scale Mail Armor
21:21 Forging
21:50 Wheelbarrow
21:44 Town Watch
26:16 Castle Age
25:07 Stone Mining
27:20 Bow Saw
27:12 Heavy Plow
27:31 Pikeman
32:44 Scale Barding Armor
35:32 Hand Cart
42:17 Imperial Age
39:33 Elite Skirmisher
41:55 Iron Casting
41:38 Chain Mail Armor
42:01 Bodkin Arrow
42:35 Husbandry
43:41 Bloodlines
Zouki
9:16 Loom
11:33 Feudal Age
11:59 Double-Bit Axe
12:52 Wheelbarrow
12:02 Town Watch
14:59 Gold Mining
19:47 Scale Barding Armor
22:53 Castle Age
24:05 Bow Saw
24:44 Chain Barding Armor
24:35 Forging
25:09 Hand Cart
27:25 Iron Casting
30:29 Fletching
30:40 Padded Archer Armor
30:45 Scale Mail Armor
30:09 Pikeman
30:49 Squires
30:35 Gambesons
30:48 Crossbowman
34:53 Imperial Age
34:58 Stone Mining
35:44 Gold Shaft Mining
35:40 Cavalier
36:20 Husbandry
38:08 Paladin
Connection lost

Rejoining the realm…

Still unreachable

The connection could not be restored.

Session expired

The server has moved on; the page needs a fresh start.